 Dungeon Crawl Stone Soup version 0.19.1 (webtiles) character file.

47 spooks32 the Chiller (level 3, 0/26 HPs)
             Began as a Merfolk Ice Elementalist on Dec 16, 2016.
             Slain by a jackal (2 damage)
             ... on level 2 of the Dungeon.
             The game lasted 00:05:30 (1072 turns).

spooks32 the Chiller (Merfolk Ice Elementalist)     Turns: 1072, Time: 00:05:30

Health: 0/26       AC:  2    Str:  8    XL:     3   Next: 70%
Magic:  6/6        EV: 13    Int: 14    God:
Gold:   63         SH:  0    Dex: 15    Spells: 3 memorised, 0 levels left

rFire  . . .     SeeInvis .     j - +0 hand axe
rCold  . . .     Gourm    .     a - +0 robe
rNeg   . . .     Faith    .     (no shield)
rPois  .         Spirit   .     (no helmet)
rElec  .         Reflect  .     (no cloak)
rCorr  .         Harm     .     (no gloves)
MR     .....                    (no boots)
Stlth  ++........               (no amulet)
                                (no ring)
                                (no ring)

@: flying
A: change form in water, swift swim, stealthy swim
a: no special abilities


You were on level 2 of the Dungeon.
You were hungry.

You visited 1 branch of the dungeon, and saw 2 of its levels.

You collected 63 gold pieces.

Inventory:

Hand Weapons
 i - a +1 hunting sling of flaming
 j - a +0 hand axe (weapon)
Armour
 a - a +0 robe (worn)
Books
 b - a book of Frost

   Spells                             Type                      Level
   a - Freeze                         Ice                          1
   b - Throw Frost                    Conjuration/Ice              2
   c - Ozocubu's Armour               Charms/Ice                   3
   d - Throw Icicle                   Conjuration/Ice              4
   e - Summon Ice Beast               Ice/Summoning                4
Comestibles
 c - 2 bread rations
 f - 2 chunks of flesh
 g - a beef jerky
 k - a meat ration


   Skills:
 * Level 1.5 Fighting
 - Level 2.6 Dodging
 - Level 2.1 Stealth
 - Level 2.0 Spellcasting
 - Level 0.7 Conjurations
 + Level 4.6 Ice Magic


You couldn't memorise any spells.
You knew the following spells:

 Your Spells              Type           Power        Failure   Level  Hunger
a - Freeze                Ice            ##..         3%          1    ##.....
b - Throw Frost           Conj/Ice       #.....       14%         2    ###....
c - Ozocubu's Armour      Chrm/Ice       #.......     30%         3    ####...


Dungeon Overview and Level Annotations

Branches:
Dungeon (2/15)

Altars:

Annotations:
D:2 Jessica, Natasha


Message History

The jackal bites you but does no damage.
The hobgoblin misses you.
The hobgoblin hits you but does no damage.
You closely miss the jackal. You hit the hobgoblin. x2
The jackal closely misses you. The hobgoblin hits you with a club.
The jackal closely misses you.
The hobgoblin hits you but does no damage.
The hobgoblin misses you.
You hit the jackal.
The jackal is heavily wounded.
You hit the hobgoblin but do no damage. You completely miss the hobgoblin.
The jackal bites you. The hobgoblin hits you with a club.
The jackal closely misses you. The hobgoblin hits you with a club.
* * * LOW HITPOINT WARNING * * *
You hit the jackal but do no damage.
The jackal is heavily wounded.
You hit the hobgoblin but do no damage. You hit the hobgoblin.
You kill the hobgoblin!
The jackal bites you.
You die...

*,,,*****,,*,,,*,***
***,,* *,,,,,,,,,,*
,***,* *,,,,,,<,,,*
,,,*,****,,,,,,,,,,*
**,*,,,,*#*,,,,*****
**,,,,,,,...****
*******,,....#** #####
,,** **,....hh###...#
*,,*****,*,*,#lh@)h..#
**,,,,,,,,,#..h##g5..#
****,.,*.....,*#.$..#
*##..,*##.>,,*#....#
###...,,* ##,,,*##...#
....##.*****,,,* #...#
.......,,,,***** #...#
...h.5.,,,,* #...#
.......#...# #...#


You could see Natasha, a shadow imp, a leopard gecko, 4 jackals and a hobgoblin.

Vanquished Creatures
  An adder (D:1)
  2 dart slugs
  2 bats (D:1)
  4 goblins
  5 hobgoblins
  5 jackals (D:1)
  3 kobolds (D:1)
  4 frilled lizards (D:1)
  6 rats (D:1)
32 creatures vanquished.

Notes
Turn   | Place    | Note
-------+----------+-------------------------------------------
     0 | D:1      | spooks32 the Merfolk Ice Elementalist began the quest for the Orb.
     0 | D:1      | Reached XP level 1. HP: 13/13 MP: 3/3
   191 | D:1      | Reached XP level 2. HP: 19/19 MP: 0/5
   309 | D:1      | Reached skill level 4 in Ice Magic
   645 | D:1      | Reached skill level 1 in Fighting
   645 | D:1      | Reached XP level 3. HP: 26/26 MP: 1/6
   704 | D:1      | Learned a level 2 spell: Throw Frost
   709 | D:1      | Learned a level 3 spell: Ozocubu's Armour
   915 | D:2      | Noticed Jessica
  1021 | D:2      | Noticed Natasha
  1030 | D:2      | Found a faded altar of an unknown god.
  1072 | D:2      | Slain by a jackal

Skill      XL: |  1  2 |
---------------+-------+-----
Ice Magic      | 4 |  4.6
Fighting       | 1 |  1.5
Dodging        | |  2.6
Stealth        | |  2.1
Spellcasting   | |  2.0
Conjurations   | |  0.7

Action                   || total
-------------------------++-------
Melee: Unarmed           ||     2
       Hand axe          ||    42
 Cast: Freeze            ||    28
       Throw Frost       ||     5
  Use: Scroll            ||     2
       Potion            ||     1
  Eat: Chunk             ||     1
Armor: Robe              ||    13
Dodge: Dodged            ||    63
